 Dungeon Crawl Stone Soup version 0.22.1-2-g9c5b331 (webtiles) character file.

53 Gearfox the Magician (level 3, -4/19 HPs)
             Began as a Deep Elf Fire Elementalist on Dec 11, 2018.
             Slain by Terence
             ... wielding a +0 short sword
              (6 damage)
             ... on level 2 of the Dungeon.
             The game lasted 00:03:54 (1963 turns).

Gearfox the Magician (Deep Elf Fire Elementalist)   Turns: 1963, Time: 00:03:55

Health: -4/19      AC:  2    Str:  2 (5)  XL:     3   Next: 64%
Magic:  1/11       EV: 13    Int: 19 (20) God:
Gold:   51         SH:  2    Dex: 14 (15) Spells: 8/11 levels left

rFire    . . .     SeeInvis .   j - +0 dagger
rCold    . . .     Gourm    .   (no shield)
rNeg     . . .     Faith    .   a - +0 robe
rPois    .         Spirit   .   (no helmet)
rElec    .         Reflect  +   (no cloak)
rCorr    .         Harm     .   (no gloves)
MR       .....                  (no boots)
Stlth    ++........             e - +2 amulet of reflection
HPRegen  0.06/turn              (no ring)
MPRegen  0.12/turn              (no ring)

@: very slightly contaminated
A: no striking features
a: no special abilities


You were on level 2 of the Dungeon.
You were hungry.

You visited 1 branch of the dungeon, and saw 2 of its levels.

You collected 51 gold pieces.

Inventory:

Hand Weapons
 j - a +0 dagger (weapon)
Missiles
 g - 24 stones (quivered)
Armour
 a - a +0 robe (worn)
Jewellery
 e - a +2 amulet of reflection (around neck)
Scrolls
 b - 2 scrolls of identify
 d - 2 scrolls of teleportation {unknown}
 h - a scroll of blinking {unknown}
 i - a scroll of enchant weapon {unknown}
Comestibles
 c - 4 rations
 f - a chunk of flesh


   Skills:
 - Level 2.4 Dodging
 - Level 2.4 Stealth
 * Level 4.8 Spellcasting
 + Level 1.2 Conjurations
 * Level 4.0 Fire Magic


You had 8 spell levels left.
You knew the following spells:

 Your Spells              Type           Power        Failure   Level  Hunger
a - Flame Tongue          Conj/Fire      ##...        4%          1    None
b - Throw Flame           Conj/Fire      ##....       7%          2    #......

Your spell library contained the following spells:

 Spells                   Type           Power        Failure   Level  Hunger
 Conjure Flame            Conj/Fire      ##......     13%         3    ##.....
 Inner Flame              Hex/Fire       ##......     17%         3    ##.....
 Sticky Flame             Conj/Fire      ##......     41%         4    ####...
 Fireball                 Conj/Fire      ##........   77%         5    ######.


Dungeon Overview and Level Annotations

Branches:
Dungeon (2/15)

Altars:
Ashenzari

Annotations:
D:2 Terence


Message History

Terence hits you with a short sword.
* * * LOW HITPOINT WARNING * * *
The giant cockroach bites you.
* * * LOW HITPOINT WARNING * * *
You hit Terence but do no damage.
Terence is severely wounded.
The giant cockroach bites you but does no damage.
Terence misses you.
You hit Terence but do no damage.
Terence is severely wounded.
The giant cockroach bites you.
* * * LOW HITPOINT WARNING * * *
Terence hits you but does no damage. You block the giant cockroach's attack.
You barely miss Terence.
Terence is severely wounded.
Terence completely misses you. The giant cockroach closely misses you.
You barely miss Terence.
Terence is severely wounded.
Terence hits you with a short sword.
You die...

#.......#####.#
#.............#
#.......#######
##.>...##. ##...###.
######.####.## #####
#............#####...#
#.####.####.s>.......#
#.# #.# ##@#####...#
#.#
#.#####@###.##.#######
#.#
#......r...#.#........
#.#
#.#####.#.###....#####
#.# #..####.##.#.#...#
#.# #>..........##...#
#[####..####.##.###...#
#............##.# #...#
####.#..##.#..........#


You could see Terence, a giant cockroach and a rat.

Vanquished Creatures
  3 adders (D:2)
  2 dart slugs (D:1)
  5 bats
  A giant cockroach (D:1)
  2 goblins (D:1)
  2 hobgoblins (D:1)
  4 jackals (D:1)
  A frilled lizard (D:2)
  2 kobolds (D:1)
  A rat (D:1)
23 creatures vanquished.

Notes
Turn   | Place    | Note
-------+----------+-------------------------------------------
     0 | D:1      | Gearfox the Deep Elf Fire Elementalist began the quest for
                  | the Orb.
     0 | D:1      | Reached XP level 1. HP: 10/10 MP: 6/6
   370 | D:1      | Reached XP level 2. HP: 15/15 MP: 2/8
   383 | D:1      | Learned a level 2 spell: Throw Flame
   394 | D:1      | Found a shattered altar of Ashenzari.
  1391 | D:2      | Reached XP level 3. HP: 19/19 MP: 0/10
  1928 | D:2      | Noticed Terence
  1963 | D:2      | Slain by Terence

Skill      XL: |  1  2 |
---------------+-------+-----
Spellcasting   | 4 |  4.8
Fire Magic     | 4 |  4.0
Dodging        | |  2.4
Stealth        | |  2.4
Conjurations   | |  1.2

Action                   || total
-------------------------++-------
Melee: Unarmed           ||     1
       Dagger            ||    31
 Cast: Flame Tongue      ||    35
       Throw Flame       ||    22
  Use: Scroll            ||     1
       Potion            ||     3
  Eat: Chunk             ||     3
Armor: Robe              ||    15
Dodge: Dodged            ||    66
Block: Other             ||     7
